 Dungeon Crawl Stone Soup version 0.28-a0-674-gdaf460b524 (webtiles) character file.

Game seed: 15570417490318982410

1484 kipponium the Spear-Bearer (level 9, -1/64 HPs)
             Began as a Formicid Fighter on Oct 17, 2021.
             Was an Initiate of Qazlal.
             Killed by divine providence
             ... invoked by an orc priest
              (16 damage)
             ... on level 10 of the Dungeon.
             The game lasted 00:14:44 (7252 turns).

kipponium the Spear-Bearer (Formicid Fighter)       Turns: 7252, Time: 00:14:44

Health: -1/64      AC: 11    Str: 23    XL:     9   Next: 7%
Magic:  9/9        EV:  9    Int:  9    God:    Qazlal [......]
Gold:   243        SH:  4    Dex: 10    Spells: 8/8 levels left

rFire   . . .      SeeInvis +   a - +0 trident
rCold   . . .      Faith    .   c - +0 buckler
rNeg    . . .      Spirit   .   b - +1 scale mail
rPois   .          Reflect  .   (helmet unavailable)
rElec   .          Harm     .   (no cloak)
rCorr   .          Rampage  .   (no gloves)
Will    .....                   (no boots)
Stlth   ..........              g - amulet of the acrobat
HPRegen 0.20/turn               o - +4 ring of protection
MPRegen 0.11/turn               (no ring)

@: no status effects
A: permanent stasis, dig shafts and tunnels, antennae 3, four strong arms
a: Dig, Shaft Self, Renounce Religion


You were on level 10 of the Dungeon.
You worshipped Qazlal.
Qazlal was noncommittal.
You visited 2 branches of the dungeon, and saw 9 of its levels.
You also visited: Sewer.

You collected 243 gold pieces.

Inventory:

Hand Weapons
 a - a +0 trident (weapon)
Missiles
 e - 13 poisoned darts
 y - 5 boomerangs of dispersal
Armour
 b - a +1 scale mail (worn)
 c - a +0 buckler (worn)
Jewellery
 g - an amulet of the acrobat (around neck)
 o - a +4 ring of protection (left hand)
 C - a ring of ice
Wands
 h - a wand of flame (11)
 u - a wand of paralysis (8)
Scrolls
 i - a scroll of enchant armour
 j - a scroll of magic mapping
 l - a scroll of vulnerability {unknown}
 m - a scroll of immolation {unknown}
 q - a scroll of holy word {unknown}
 s - a scroll of fear {unknown}
 v - a scroll of enchant weapon {unknown}
 z - a scroll of fog {unknown}
 D - a scroll of torment {unknown}
 E - 2 scrolls of blinking {unknown}
Potions
 d - 4 potions of might
 f - a potion of lignification
 k - 4 potions of brilliance
 n - a potion of flight
 p - 5 potions of heal wounds {unknown}
 r - 4 potions of resistance
 t - 2 potions of attraction {unknown}
 w - 3 potions of haste {unknown}
 A - 2 potions of invisibility
 F - a potion of cancellation


   Skills:
 - Level 3.2 Fighting
 + Level 10.8 Polearms
 - Level 3.2 Armour
 - Level 3.6 Shields


You had 8 spell levels left.
You didn't know any spells.
Your spell library contained the following spells:

 Spells                   Type           Power      Damage    Failure   Level
 Magic Dart               Conj           0%         1d3       69%         1
 Call Imp                 Summ           0%         N/A       83%         2
 Passwall                 Tmut/Erth      0%         N/A       83%         2
 Mephitic Cloud           Conj/Pois/Air  0%         N/A       96%         3
 Invisibility             Hex            0%         N/A       100%        6
 Swiftness                Air            Unusable   N/A       N/A         3

Dungeon Overview and Level Annotations

Branches:
Dungeon (7/15)             Temple (1/1) D:7           Sewer (visited)

Altars:
Ashenzari
Dithmenos
Elyvilon
Fedhas
Gozag
Hepliaklqana
Kikubaaqudgha
Makhleb
Nemelex Xobeh
Okawaru
Qazlal
Uskayaw
Vehumet
Wu Jian
Xom
Yredelemnul
Zin

Annotations:
D:5 Menkaure
D:6 Pikel
D:7 Joseph


Innate Abilities, Weirdness & Mutations

You cannot be hasted, slowed, berserked, paralysed or teleported.
You can dig through walls and to a lower floor.
You have a pair of large antennae on your head. (SInv)
Your four strong arms can wield two-handed weapons with a shield.


Message History

Pikel burns you.
You climb upwards.
There is a stone staircase leading down here.
Are you sure you want to shaft yourself?
Pikel hits you but does no damage.
You begin to dig a shaft.
You continue digging a shaft.
Pikel hits you but does no damage. A shaft appears beneath you!
You fall into a shaft and drop 1 floor!
The shaft crumbles and collapses.
Joseph shouts!
Joseph unwields a +0 quarterstaff.
Joseph wields a +3 hunting sling.
Joseph shoots a sling bullet.
The sling bullet hits you!
Joseph shoots a sling bullet.
The sling bullet closely misses you.
Joseph shoots a sling bullet.
The sling bullet hits you!!
Are you sure you want to shaft yourself?
Joseph shoots a sling bullet.
The sling bullet hits you.
You begin to dig a shaft.
You continue digging a shaft.
A shaft appears beneath you!
You fall into a shaft and drop 3 floors!
The shaft crumbles and collapses.
The orc wizard shouts!
The orc shouts! x2; The orc priest shouts!
The hobgoblin shouts!
The orc priest shouts!
The orc shouts! x4
The gnoll shouts! x2; You hear a howl!
You hear a shout! x3
Found a dagger, a scroll of noise and 24 gold pieces.
Found an escape hatch in the ceiling.
An orc comes into view. It is wielding a +0 dagger.
The orc shouts!
You hear a shout!
A warg comes into view.
You hear a shout!
Found the Catalogue of Moulding and Conjuration.
An orc comes into view. It is wielding a +0 short sword.
The warg bites you but does no damage.
The orc priest looks encouraged for a moment.
There is an escape hatch in the ceiling here.
The warg bites you!
* * * LOW HITPOINT WARNING * * *
The orc priest invokes the aid of Beogh against you.
Beogh smites you!
You die...

..... ..........
.o...###....o.?.#
....o..)........##.
....goo..o.h.......
#....gooo..# .....
#....##....##.....
......##.go.....:..
.......g.oho.......
########...@...#..
##......# #.######
#.# ..# ####


You could see 2 wargs, 2 orc priests, an orc wizard, 2 gnolls, 8 orcs and a
hobgoblin.

Vanquished Creatures
  A sky beast (D:7)
  A necrophage (D:5)
  A centaur (D:6)
  A kobold brigand (D:7)
  A bullfrog (D:7)
  3 scorpions
  2 water moccasin zombies
  A water moccasin skeleton (D:4)
  3 howler monkeys (D:6)
  A crimson imp (D:4)
  An orc priest (D:7)
  3 jellies
  A bullfrog skeleton (D:5)
  3 hounds
  A centaur skeleton (D:6)
  An iguana (D:4)
  Ijyb (D:3)
  3 orc wizards
  A howler monkey zombie (D:6)
  5 adders
  A shadow imp (D:6)
  2 white imps
  An ufetubus (D:6)
  2 worms
  4 dart slugs
  10 orcs
  6 bats
  4 endoplasms
  6 giant cockroaches
  8 goblins
  8 hobgoblins
  12 jackals
  3 quokkas
  6 ball pythons
  5 frilled lizards
  18 kobolds
  7 rats
138 creatures vanquished.

Vanquished Creatures (others)
  2 fungi (D:5)
  5 plants (Sewer)
7 creatures vanquished.

Grand Total: 145 creatures vanquished

Notes
Turn   | Place    | Note
-------+----------+-------------------------------------------
     0 | D:1      | kipponium the Formicid Fighter began the quest for the Orb.
     0 | D:1      | Reached XP level 1. HP: 18/18 MP: 1/1
   217 | D:1      | Reached XP level 2. HP: 24/24 MP: 2/2
   371 | D:1      | Reached skill level 3 in Polearms
   746 | D:1      | Reached XP level 3. HP: 24/29 MP: 3/3
   962 | D:2      | You fall into a shaft and drop 1 floor!
   962 | D:3      | Noticed an ogre
  1326 | D:2      | Reached skill level 4 in Polearms
  1326 | D:2      | Reached XP level 4. HP: 35/35 MP: 4/4
  2029 | D:3      | Reached XP level 5. HP: 29/41 MP: 5/5
  2278 | D:3      | Noticed Ijyb
  2294 | D:3      | Killed Ijyb
  2295 | D:3      | Reached skill level 5 in Polearms
  2427 | D:4      | Reached XP level 6. HP: 36/47 MP: 6/6
  2755 | D:4      | Reached skill level 6 in Polearms
  2802 | D:4      | Found a glowing silver altar of Zin.
  3328 | D:5      | Entered Level 5 of the Dungeon
  3331 | D:5      | Reached XP level 7. HP: 52/52 MP: 7/7
  3336 | D:5      | Reached skill level 7 in Polearms
  3382 | D:4      | Found a shadowy altar of Dithmenos.
  3388 | D:4      | Identified the +0 robe "Tessidea" {Dex+4}
  3502 | D:5      | Found a burning altar of Makhleb.
  3507 | D:5      | Noticed Menkaure
  3695 | D:5      | Reached skill level 8 in Polearms
  3958 | D:5      | Reached XP level 8. HP: 33/58 MP: 8/8
  4577 | D:6      | Found a glowing drain.
  4583 | D:6      | Reached skill level 9 in Polearms
  4600 | Sewer    | Entered a sewer
  5775 | D:6      | Found an opulent altar of Gozag.
  5866 | D:6      | Found a stormy altar of Qazlal.
  6268 | D:7      | Found a staircase to the Ecumenical Temple.
  6277 | Temple   | Entered the Ecumenical Temple
  6435 | D:6      | Became a worshipper of Qazlal Stormbringer
  6523 | D:7      | Reached skill level 10 in Polearms
  6920 | D:7      | Reached XP level 9. HP: 60/64 MP: 9/9
  7162 | D:7      | Found a blossoming altar of Fedhas.
  7209 | D:7      | Noticed Pikel
  7239 | D:6      | You fall into a shaft and drop 1 floor!
  7239 | D:7      | Noticed Joseph
  7247 | D:7      | You fall into a shaft and drop 3 floors!
  7247 | D:10     | Entered Level 10 of the Dungeon
  7252 | D:10     | Killed from afar by an orc priest

Illustrated notes

Levels and vault maps discovered:
D:1:      dpeg_arrival_stone_temple_mockup, layout_loops_ring,
          hangedman_decor_clover_reticule
D:2:      layout_basic
D:3:      layout_rooms, uniq_sigmund, uniq_crazy_yiuf_cottage, uniq_ijyb
D:4:      layout_basic, nicolae_overflow_hidden_temple, minmay_fire_ice_demons
D:5:      layout_loops_ring, mainiacjoe_overflow_boulevard, uniq_menkaure
D:6:      layout_basic, grunt_gozag_breadcrumbs, kennysheep_mini,
          portal_sewer_entry_f, grunt_ministairs_7
D:7:      minmay_evil_eye, layout_basic, fedhas_altar_decomposition,
          overflow_temple_1_default, minmay_temple_entry_mini_moons,
          gammafunk_ghost_nasty_kobolds, grunt_decor_cap,
          minmay_misc_feat_doors, uniq_pikel, uniq_joseph
D:10:     layout_loops_ring, erik_orc_4
Temple:   jpeg_temple_clearing

Skill      XL: |  1  2  3  4  5  6  7  8 |
---------------+-------------------------+-----
Polearms       | 3 4 5 6 8 10 | 10.8
Fighting       | |  3.2
Armour         | |  3.2
Shields        | |  3.6

Action                   |  1- 3 |  4- 6 |  7- 9 || total
-------------------------+-------+-------+-------++-------
Melee: Trident           |   106 |   172 |   281 ||   559
 Abil: Dig               |     1 |       |    17 ||    18
       Shaft Self        |       |       |     2 ||     2
  Use: Scroll            |       |       |    11 ||    11
Armor: Scale mail        |    50 |    56 |   101 ||   207
Dodge: Dodged            |    48 |    68 |    82 ||   198
Block: Buckler           |    34 |    32 |    31 ||    97

Table legend: (Time is in decaauts)
 A = Elapsed time spent in this place.
 B = Non-inter-level travel time spent in this place.
 C = Inter-level travel time spent in this place.
 D = Time resting spent in this place.
 E = Time spent auto-exploring this place.
 F = Levels seen in this place.
 G = Mean time per level.
                   A        B        C        D        E       F      G
               +--------+--------+--------+--------+--------+-----+--------+
         Total |   7459 |   7264 |    195 |   1517 |   3894 |  10 |  745.9 |
       Dungeon |   6242 |   6059 |    183 |   1517 |   3156 |   8 |  780.2 |
        Temple |     89 |     77 |     12 |      0 |     65 |   1 |   89.0 |
         Sewer |   1127 |   1127 |      0 |      0 |    673 |   1 | 1127.0 |
               +--------+--------+--------+--------+--------+-----+--------+

Top non-repeatable levels by time:
     D:6: 1222 daAuts
     D:4: 1205 daAuts
   Sewer: 1127 daAuts
     D:2: 1053 daAuts
     D:5: 951 daAuts
     D:1: 828 daAuts
     D:7: 515 daAuts
     D:3: 460 daAuts
  Temple: 89 daAuts
    D:10: 4 daAuts
